 Dungeon Crawl Stone Soup version 0.23-a0-310-gdcc7a32 (webtiles) character file.

93 Dissent the Cudgeler (level 4, -2/35 HPs)
             Began as a Mummy Fighter on Oct 12, 2018.
             Killed from afar by an orc wizard (6 damage)
             ... with a magic dart
             ... on level 3 of the Dungeon.
             The game lasted 00:02:37 (2443 turns).

Dissent the Cudgeler (Mummy Fighter)                Turns: 2443, Time: 00:02:38

Health: -2/35      AC:  7    Str: 20    XL:     4   Next: 37%
Magic:  4/4        EV:  7    Int:  7    God:
Gold:   98         SH:  8    Dex: 11    Spells: 3/3 levels left

rFire    . . .     SeeInvis .   a - +0 flail
rCold    + . .     Gourm    .   c - +0 shield
rNeg     + + +     Faith    .   g - +1 scale mail {rF+}
rPois    ∞         Spirit   .   (no helmet)
rElec    .         Reflect  .   (no cloak)
rCorr    .         Harm     .   (no gloves)
MR       .....                  (no boots)
Stlth    ..........             (no amulet)
HPRegen  0.11/turn              (no ring)
MPRegen  0.09/turn              (no ring)

@: slowed, very slow
A: no food or potions, fire vulnerability, cold resistance 1, negative energy
resistance 3, torment resistance, unbreathing
a: no special abilities


You were on level 3 of the Dungeon.
You were not hungry.

You visited 1 branch of the dungeon, and saw 3 of its levels.

You collected 98 gold pieces.

Inventory:

Hand Weapons
 a - a +0 flail (weapon)
Armour
 c - a +0 shield (worn)
 g - a +1 scale mail of fire resistance (worn)
   (You found it on level 1 of the Dungeon)
Scrolls
 b - a scroll of random uselessness {unknown}
 d - 3 scrolls of identify {unknown}
 e - 2 scrolls of remove curse {unknown}
 f - 2 scrolls of enchant weapon {unknown}


   Skills:
 - Level 3.0 Fighting
 * Level 3.3 Maces & Flails
 - Level 2.4 Armour
 + Level 1.7 Dodging
 - Level 2.4 Shields


You had 3 spell levels left.
You didn't know any spells.
Your spell library was empty.

Dungeon Overview and Level Annotations

Branches:
Dungeon (3/15)

Altars:
Cheibriados
Okawaru
Ru


Innate Abilities, Weirdness & Mutations

You do not eat or drink.
Your flesh is vulnerable to fire.
You are immune to poison.
Your flesh is cold resistant. (rC+)
You are immune to negative energy. (rN+++)
You are immune to unholy pain and torment.
You can survive without breathing.


Message History

You closely miss the orc. The orc closely misses you.
You hit the orc. You block the orc's attack.
You hit the orc.
The orc wizard points at you and mumbles some strange words.
You feel yourself slow down. You block the orc's attack.
Your shield and scale mail prevent you from hitting the orc wizard.
The orc wizard looks encouraged for a moment.
The orc wizard barely misses you. The orc hits you with a mace.
The orc wizard hits you but does no damage.
The orc wizard casts a spell.
The orc wizard seems to speed up.
The orc hits you with a mace.
You closely miss the orc wizard.
The orc wizard gestures at you while chanting.
You resist with some effort.
The orc wizard points at you and mumbles some strange words.
You resist with some effort.
The orc wizard casts a spell.
The orc wizard flickers and vanishes!
Deactivating autopickup; reactivate with Ctrl-A.
The orc barely misses you. The orc wizard barely misses you.
Unknown command.
You barely miss the orc wizard.
The orc wizard hits you but does no damage.
The orc hits you with a mace.
* * * LOW HITPOINT WARNING * * *
The orc wizard hits you but does no damage.
You block the orc's attack.
You closely miss the orc wizard.
The orc wizard gestures at you while chanting.
The magic dart hits you!
* * * LOW HITPOINT WARNING * * *
The orc wizard hits you but does no damage.
The orc barely misses you. The orc wizard hits you with a dagger.
* * * LOW HITPOINT WARNING * * *
You miss the orc wizard.
The orc wizard hits you but does no damage.
You block the orc wizard's attack. The orc hits you with a mace!
* * * LOW HITPOINT WARNING * * *
The orc wizard hits you but does no damage.
The orc hits you but does no damage. You block the orc wizard's attack.
You barely miss the orc wizard.
The orc wizard hits you but does no damage.
The orc hits you but does no damage.
The orc wizard hits you but does no damage.
You block the orc's attack. The orc wizard barely misses you.
Your shield and scale mail prevent you from hitting the orc wizard.
The orc wizard casts a spell at you. The magic dart hits you!
You die...

####.##
#...........
#.....#
#.........#.
#.....#
####'######..
#.....# #....#
#.. #.....#
#.#### #..
#.....######.#
#..
####.........#
#..
#...##########
#..
#....o@o{....#
#..
#....#######.#
#.. #.....
###.# ###....
....# ......
......
##.##.##
....... ... ..
####.#. #. .##
#.#. # #.


You could see an orc wizard and an orc.

Vanquished Creatures
  An orc priest (D:3)
  2 adders (D:2)
  3 dart slugs
  3 leopard geckos
  4 orcs
  2 giant cockroaches
  3 goblins
  2 hobgoblins
  2 jackals (D:3)
  A quokka (D:2)
  A bat (D:1)
  5 frilled lizards
  5 kobolds
34 creatures vanquished.

Notes
Turn   | Place    | Note
-------+----------+-------------------------------------------
     0 | D:1      | Dissent the Mummy Fighter began the quest for the Orb.
     0 | D:1      | Reached XP level 1. HP: 18/18 MP: 1/1
   303 | D:1      | Reached XP level 2. HP: 24/24 MP: 2/2
   861 | D:2      | Reached skill level 1 in Dodging
   885 | D:2      | Found a snail-covered altar of Cheibriados.
   890 | D:2      | Reached XP level 3. HP: 21/29 MP: 3/3
  1052 | D:2      | Found a sacrificial altar of Ru.
  1575 | D:2      | Found an iron altar of Okawaru.
  2144 | D:3      | Reached XP level 4. HP: 12/35 MP: 4/4
  2443 | D:3      | Killed from afar by an orc wizard

Vault maps used:
D:1:      dpeg_arrival_three_same_balls
D:2:      lemuel_doored_altar, okawaru_trees_1, kennysheep_slug_shrine
D:3:      yredelemnul_forgotten_temple_becter, zin_academy, old_standard_altar

Skill      XL: |  1  2  3 |
---------------+----------+-----
Maces & Flails | 2 3 |  3.3
Dodging        | 1 |  1.7
Fighting       | |  3.0
Armour         | |  2.4
Shields        | |  2.4

Action                   |  1- 3 |  4- 6 || total
-------------------------+-------+-------++-------
Melee: Flail             |   126 |    23 ||   149
Armor: Scale mail        |    57 |     9 ||    66
Dodge: Dodged            |    41 |     9 ||    50
Block: Shield            |    59 |    12 ||    71

Table legend:
 A = Non-vault XP
 B = Vault XP
 C = Vault XP percentage of total XP
 D = Non-vault monster count
 E = Vault monster count
 F = Vault count percentage of total count
                 A         B        C        D         E       F
            +---------+---------+-------+---------+---------+-------
      Total |     130 |       4 |   3.0 |      33 |       1 |   2.9
            +---------+---------+-------+---------+---------+-------
        D:1 |      26 |       0 |   0.0 |      13 |       0 |   0.0
        D:2 |      50 |       4 |   7.4 |      14 |       1 |   6.7
        D:3 |      54 |       0 |   0.0 |       6 |       0 |   0.0
            +---------+---------+-------+---------+---------+-------
